AoeStats
← Dazai

Arabia

507382337Analyzed
2v2 RM · 15d ago on Sep 18, 2026· 46m 17s· 4 players
Game mode
Random Map
Map size
Medium (4 player)
Population
200
Speed
Normal
Resources
Standard
Victory
Conquest
Starting age
Dark Age
Ending age
Imperial Age
RankedLock teamsTeams togetherTeam positionsShared explorationLock speedFull tech treeHidden civsTurbo modeCheats
Victory
Defeat
🇦🇷 Magyars · Argentina
1048
+17
🇦🇷 Aztecs · Argentina
1046
+17
🇺🇸 Franks · United States
1078
-17
🇵🇦 Britons · Panama
1073
-17
Dazai
6:49 Loom
9:14 Feudal Age
10:04 Double-Bit Axe
21:32 Castle Age
20:13 Gold Mining
20:36 Bloodlines
22:19 Husbandry
24:02 Scale Barding Armor
29:35 Stone Mining
32:03 Chain Barding Armor
40:00 Imperial Age
41:16 Cavalier
PocholA!
5:19 Loom
11:34 Feudal Age
14:32 Double-Bit Axe
20:55 Horse Collar
21:51 Fletching
22:07 Scale Mail Armor
22:45 Forging
25:14 Castle Age
23:56 Padded Archer Armor
26:55 Elite Skirmisher
27:57 Bodkin Arrow
28:06 Eagle Warrior
28:48 Squires
29:07 Chain Mail Armor
30:35 Iron Casting
30:43 Leather Archer Armor
31:08 Gold Mining
36:12 Stone Mining
36:57 Gold Shaft Mining
41:47 Imperial Age
43:43 Heavy Plow
43:55 Bow Saw
44:15 Conscription
45:24 Capped Ram
halgorithm
5:24 Loom
8:50 Feudal Age
9:24 Double-Bit Axe
22:59 Castle Age
22:19 Scale Barding Armor
22:26 Forging
22:50 Fletching
22:53 Gold Mining
22:56 Stone Mining
24:21 Wheelbarrow
35:50 Chain Barding Armor
35:29 Bodkin Arrow
37:54 Bow Saw
41:56 Gold Shaft Mining
42:39 Iron Casting
48:27 Imperial Age
Diosito
6:10 Loom
9:48 Feudal Age
11:32 Double-Bit Axe
11:32 Horse Collar
14:32 Fletching
14:43 Padded Archer Armor
18:09 Wheelbarrow
21:58 Castle Age
22:12 Crossbowman
22:50 Bodkin Arrow
25:08 Gold Mining
29:25 Town Watch
31:11 Bow Saw
31:04 Heavy Plow
31:24 Hand Cart
31:58 Leather Archer Armor
32:43 Ballistics
Connection lost

Rejoining the realm…

Still unreachable

The connection could not be restored.

Session expired

The server has moved on; the page needs a fresh start.